Map: Port Aleksander LE

Players

Unfug - Winner!

  • Race: Zerg Zerg
  • League: Diamond
  • Spawn Location: 5:00

Doni

  • Race: Zerg Zerg
  • League: Diamond
  • Spawn Location: 11:00

VOD

Have the link to the VOD?

Description

Time

  • Played on: Dec. 12, 2018, 6:07 a.m.
  • Length: 8:54
Show
View Real Time Build Order
Export as new Build Order

Unfug Zerg - Winner!

Build Orders: Hatch First 

Get SALT Encoding   

  12  0:00  Drone  
  13  0:13  Overlord  
  13  0:18  Drone  
  14  0:32  Drone x2  
  16  0:53  Hatchery, Drone  
  16  0:56  Drone  
  17  1:07  Extractor  
  16  1:13  Spawning Pool  
  16  1:17  Drone  
  16  1:21  Drone  
  16  1:24  Drone  
  18  1:36  Drone  
  19  1:42  Overlord  
  19  1:58  Drone  
  19  2:00  Queen  
  22  2:02  Zergling x2  
  22  2:05  Queen  
  22  2:07  Zergling x2  
  26  2:15  Metabolic Boost  
  26  2:18  Zergling x2  
  26  2:21  Zergling x2  
  28  2:30  Zergling x2  
  28  2:35  Baneling Nest, Drone  
  29  2:59  Hatchery  
  28  3:05  Overlord  
  28  3:09  Drone x2  
  30  3:17  Zergling x4  
  32  3:32  Zergling x2  
  32  3:33  Zergling x6  
  32  3:34  Zergling x2  
  36  3:37  Baneling x2  
  36  3:48  Zergling x2  
  36  3:49  Zergling x6  
  37  4:14  Zergling x14  
  44  4:32  Overlord  
  40  4:39  Zergling x2  
  40  4:40  Zergling x4  
  43  4:48  Baneling x2  
  43  4:57  Zergling x10  
  43  4:58  Zergling x2  
  40  5:10  Zergling x2  
  40  5:11  Zergling x6  
  41  5:20  Baneling x3  
  38  5:24  Drone x2  
  30  5:40  Baneling x3  
  30  5:41  Zergling x6  
  30  5:42  Zergling x10  
  38  6:01  Zergling x8  
  35  6:30  Zergling x2  
  35  6:31  Zergling x12  
  37  6:43  Zergling x8  
  36  6:56  Baneling x3  
  35  7:13  Baneling  
  35  7:14  Zergling x12  
  41  7:21  Zergling x12  
  37  7:45  Baneling  
  37  7:46  Baneling x2  
  37  7:47  Zergling x8  
  41  8:04  Zergling x10  
  41  8:05  Zergling x6  
  39  8:33  Zergling x8  
  39  8:34  Zergling x4  
  45  8:35  Baneling x4  
Show
View Real Time Build Order
Export as new Build Order

Doni Zerg 

Build Orders: Hatch First, Zergling Baneling 

Get SALT Encoding   

  12  0:00  Drone  
  13  0:12  Overlord  
  13  0:20  Drone  
  14  0:30  Drone x2  
  16  0:49  Hatchery  
  15  0:53  Drone  
  15  0:56  Drone  
  17  1:09  Extractor  
  16  1:13  Spawning Pool  
  16  1:17  Drone  
  16  1:20  Drone  
  16  1:25  Drone  
  18  1:34  Drone  
  19  1:40  Overlord  
  19  2:00  Zergling x2, Queen  
  19  2:01  Zergling x2  
  23  2:03  Queen  
  23  2:06  Zergling x2  
  26  2:11  Metabolic Boost  
  26  2:26  Drone  
  26  2:27  Drone x3  
  30  2:35  Baneling Nest  
  29  2:42  Zergling x2  
  29  2:43  Zergling x2  
  31  2:53  Zergling x4  
  32  3:03  Hatchery  
  31  3:18  Zergling x10  
  36  3:29  Overlord  
  36  3:39  Baneling  
  36  3:40  Baneling x2  
  36  3:45  Overlord  
  36  3:50  Queen  
  36  4:11  Zergling x6  
  36  4:12  Zergling x12  
  38  4:27  Queen x2  
  40  4:36  Zergling x6  
  41  4:39  Baneling  
  41  4:40  Baneling  
  41  4:51  Baneling x4  
  38  5:06  Zergling x2  
  38  5:07  Zergling x10  
  38  5:20  Zergling x8  
  34  5:35  Drone x4  
  38  5:38  Baneling x2  
  38  5:43  Zergling x2  
  38  5:44  Zergling x2  
  38  5:48  Zergling x2  
  37  6:18  Zergling x4  
  34  6:19  Zergling x16  
  41  6:27  Zergling x2  
  41  6:28  Zergling x2  
  36  6:38  Drone  
  33  6:46  Drone x2  
  33  6:55  Baneling x3  
  33  7:02  Zergling x2  
  33  7:03  Drone  
  30  7:28  Drone x8  
  33  7:38  Zergling x6  
  33  7:42  Baneling  
  36  7:48  Zergling x2  
  36  7:49  Zergling x4  
  38  7:57  Zergling x2  
  38  7:58  Zergling x6  
  36  8:10  Zergling x8  
  28  8:23  Zergling x2  
  28  8:24  Zergling x2  
  27  8:31  Zergling x2  
  28  8:34  Baneling  
Tags
 
Add a new tag
Caveats
  • Supply blocks, unpowered buildings, or Contaminate may cause inaccurate times.
  • Supply counts are checked every 10 seconds.